 Dungeon Crawl Stone Soup version 0.32-a0-913-g739538afd8 (webtiles) character file.

Game seed: 16793275398810491239

128 sorc the Cudgeller (level 4, -12/40 HPs)
             Began as a Mountain Dwarf Fighter on Apr 9, 2024.
             Mangled by a cyclops (25 damage)
             ... on level 6 of the Dungeon.
             The game lasted 00:09:18 (1972 turns).

sorc the Cudgeller (Mountain Dwarf Fighter)         Turns: 1972, Time: 00:09:20

Health: -12/40     AC:  9    Str: 19 (20) XL:     4   Next: 86%
Magic:  4/4        EV: 13    Int:  8 (9)  God:
Gold:   162        SH:  4    Dex:  8 (9)  Spells: 3/3 levels left

rFire   . . .        a - +0 flail
rCold   . . .        c - +0 buckler
rNeg    . . .        b - +0 scale mail
rPois   .            m - +1 helmet
rElec   .            (no cloak)
rCorr   .            (no gloves)
SInv    .            (no boots)
Will    .....        p - amulet of regeneration Stlth
                     u - +5 ring of evasion
HPRegen 1.06/turn    (no ring)
MPRegen 0.09/turn

%: no passive effects
@: silenced
A: runic magic, artefact enchanting
a: no special abilities


You were on level 6 of the Dungeon.
You visited 1 branch of the dungeon, and saw 4 of its levels.

You collected 162 gold pieces.

Inventory:

Hand Weapons
 a - a +0 flail (weapon)
Armour
 b - a +0 scale mail (worn)
 c - a +0 buckler (worn)
 m - a +1 helmet (worn)
 t - an orb of energy
Magical Staves
 n - a staff of death
Jewellery
 p - an amulet of regeneration (around neck)
 u - a +5 ring of evasion (left hand)
Scrolls
 e - a scroll of amnesia {unknown}
 f - 6 scrolls of identify {unknown}
 g - 2 scrolls of enchant weapon {unknown}
 h - a scroll of blinking {unknown}
 i - a scroll of fear {unknown}
 k - a scroll of revelation {unknown}
 o - a scroll of teleportation {unknown}
Potions
 d - 3 potions of might
 l - 2 potions of degeneration
 r - a potion of heal wounds
 s - a potion of curing


   Skills:
 + Level 3.7 Fighting
 + Level 4.4 Maces & Flails
 + Level 4.0 Armour
 + Level 0.1 Dodging
 + Level 0.1 Stealth
 + Level 4.1 Shields


You had 3 spell levels left.
You didn't know any spells.
Your spell library contained the following spells:

 Spells                   Type           Power      Damage    Failure   Level
 Slow                     Hex            0%         N/A       56%         1
 Ensorcelled Hibernation  Hex/Ice        0%         N/A       71%         2
 Confusing Touch          Hex            0%         N/A       91%         3
 Passwall                 Erth           0%         N/A       91%         3
 Swiftness                Air            0%         N/A       91%         3
 Vampiric Draining        Necr           0%         2d6       91%         3
 Summon Blazeheart Golem  Fire/Summ      0%         N/A       100%        4
 Orb of Destruction       Conj           0%         9d5       100%        7
 Spellforged Servitor     Conj/Summ      0%         N/A       100%        7


Dungeon Overview and Level Annotations

Branches:
Dungeon (3/15)

Altars:
Qazlal

Shops:
D:1 (

Annotations:
D:6 sanka's ghost, novice CoHu


Innate Abilities, Weirdness & Mutations

Your spellcasting is much less encumbered by armour.
You can use scrolls of enchantment on lesser artefacts.


Message History

Sanka's ghost hits you but does no damage.
The cyclops hits you but does no damage.
The lemure barely misses you.
You barely miss the lemure.
The lemure is heavily wounded.
The bullfrog barely misses you. Sanka's ghost stares at you.
Sanka's ghost misses you.
The bullfrog hits you but does no damage.
The lemure closely misses you. The cyclops barely misses you.
You hit the lemure but do no damage.
The lemure is heavily wounded.
The bullfrog hits you but does no damage.
Sanka's ghost hits you! Sanka's ghost freezes you.
The lemure hits you but does no damage. The bullfrog closely misses you.
You hit the lemure.
The lemure is severely wounded.
The bullfrog hits you but does no damage.
Sanka's ghost barely misses you. The lemure hits you but does no damage.
The cyclops hits you! The bullfrog misses you.
Sanka's ghost hits you but does no damage.
You hit the lemure but do no damage.
The lemure is severely wounded.
The bullfrog barely misses you. The lemure closely misses you.
The cyclops hits you but does no damage.
You block sanka's ghost's attack. You block the bullfrog's attack.
The lemure misses you.
You hit the lemure.
The lemure is severely wounded.
The bullfrog hits you but does no damage.
Sanka's ghost hits you. Sanka's ghost freezes you.
* * * LOW HITPOINT WARNING * * *
The cyclops barely misses you. The lemure hits you but does no damage.
You sock the lemure!
You kill the lemure!
That felt strangely unrewarding.
The bullfrog closely misses you. The bullfrog barely misses you.
Sanka's ghost closely misses you. The cyclops hits you!!
Ouch! That really hurt!
You die...

########
###@W#...#
#..FC'$?)#
#.#..#...#
#.########
#.(.#
#####
#...#
#...#
#...#
#...#
#...#
##...#
#...######


You could see a cyclops, a bullfrog and sanka's ghost.

Vanquished Creatures
  A lemure (D:6)
  8 adders
  2 dart slugs
  8 ball pythons
  5 endoplasms
  2 giant cockroaches
  3 goblins
  2 hobgoblins
  7 jackals
  3 quokkas
  3 bats
  5 frilled lizards
  4 rats
53 creatures vanquished.

Notes
Turn   | Place    | Note
-------+----------+-------------------------------------------
     0 | D:1      | sorc the Mountain Dwarf Fighter began the quest for the
                  | Orb.
     0 | D:1      | Reached XP level 1. HP: 19/19 MP: 1/1
   149 | D:1      | Reached XP level 2. HP: 26/26 MP: 2/2
   434 | D:1      | Found a faded altar of an unknown god.
   501 | D:1      | Found Nuumiss's Weapon Emporium.
   803 | D:2      | Reached XP level 3. HP: 31/31 MP: 3/3
  1032 | D:2      | Reached XP level 4. HP: 39/39 MP: 4/4
  1407 | D:3      | Found a stormy altar of Qazlal.
  1890 | D:3      | You fall into a shaft and drop 3 floors!
  1898 | D:6      | Noticed a lemure
  1898 | D:6      | Noticed a lemure
  1918 | D:6      | Noticed a bullfrog
  1936 | D:6      | Noticed a centaur
  1937 | D:6      | Noticed a centaur
  1950 | D:6      | Found a runed translucent door.
  1950 | D:6      | Noticed a cyclops
  1950 | D:6      | Noticed sanka's ghost (novice CoHu)
  1972 | D:6      | Killed a lemure
  1972 | D:6      | Mangled by a cyclops

Illustrated notes

Levels and vault maps discovered:
D:1:      saegor_arrival_simple_b, layout_loops_ring, serial_shops,
          nicolae_shop_back_alley_shop, shapermc_ecumenical_altar_totnotflames
D:2:      layout_rooms, minmay_misc_feat_hallway
D:3:      layout_basic, nicolae_qazlal_scattered_showers,
          hangedman_decor_peaks_small
D:6:      nicolae_whirlpool, layout_rooms, cheibriados_altar_1,
          nicolae_dithmenos_shadow_blocks, dk_yredelemnul_ordeal,
          minmay_temple_entry_purple_smoke, ebering_ghost_inner_flame,
          nicolae_zen_rock_garden, uniq_duvessa, uniq_pikel

Skill      XL: |  1  2  3  4 |
---------------+-------------+-----
Maces & Flails | 3 4 |  4.4
Armour         | 4 |  4.0
Shields        | 4 |  4.1
Fighting       | |  3.7
Dodging        | |  0.1
Stealth        | |  0.1

Action                     |  1- 3 |  4- 6 || total
---------------------------+-------+-------++-------
  Melee: Flail             |   107 |    89 ||   196
    Use: Potion            |       |     3 ||     3
         Scroll            |       |     2 ||     2
 Armour: Scale mail        |    99 |   118 ||   217
  Dodge: Dodged            |    63 |    90 ||   153
  Block: Buckler           |    33 |    30 ||    63

Table legend: (Time is in decaauts)
 A = Elapsed time spent in this place.
 B = Non-inter-level travel time spent in this place.
 C = Inter-level travel time spent in this place.
 D = Time resting spent in this place.
 E = Time spent auto-exploring this place.
 F = Levels seen in this place.
 G = Mean time per level.
                   A        B        C        D        E       F      G
               +--------+--------+--------+--------+--------+-----+--------+
         Total |   2022 |   1995 |     27 |      0 |   1463 |   4 |  505.5 |
       Dungeon |   2022 |   1995 |     27 |      0 |   1463 |   4 |  505.5 |
               +--------+--------+--------+--------+--------+-----+--------+

Top non-repeatable levels by time:
     D:1: 800 daAuts
     D:3: 590 daAuts
     D:2: 547 daAuts
     D:6: 84 daAuts
